 Dungeon Crawl Stone Soup version 0.23.2-1-ga50397a (webtiles) character file.

Game seed: 8430200621900088045

77 HASTUR3 the Skirmisher (level 4, 14/35 HPs)
             Began as a Demonspawn Chaos Knight on May 25, 2019.
             Was a Plaything of Xom.
             Quit the game on level 2 of the Dungeon.
             The game lasted 00:03:38 (1413 turns).

HASTUR3 the Skirmisher (Demonspawn Chaos Knight)    Turns: 1413, Time: 00:03:38

Health: 14/35      AC:  5    Str: 14    XL:     4   Next: 13%
Magic:  4/4        EV: 12    Int: 13    God:    Xom [..*...]
Gold:   0          SH:  0    Dex: 12    Spells: 3/3 levels left

rFire    . . .     SeeInvis .     - Unarmed
rCold    . . .     Gourm    .   (no shield)
rNeg     . . .     Faith    .   a - +2 leather armour
rPois    .         Spirit   .   (no helmet)
rElec    .         Reflect  .   (no cloak)
rCorr    .         Harm     .   (no gloves)
MR       .....                  (no boots)
Stlth    +.........             (no amulet)
HPRegen  0.11/turn              (no ring)
MPRegen  0.09/turn              (no ring)

@: mildly poisoned (14 -> 13)
A: hooves 2
a: Renounce Religion


You were on level 2 of the Dungeon.
You worshipped Xom.
You were a toy of Xom.
You were not hungry.

You visited 1 branch of the dungeon, and saw 2 of its levels.

Inventory:

Armour
 a - a +2 leather armour (worn)
 f - a +1 helmet
Jewellery
 h - an uncursed ring of fire {unknown}
 k - a cursed amulet of inaccuracy {unknown}
Scrolls
 c - a scroll of fear {unknown}
 e - a scroll of remove curse {unknown}
 i - a scroll of teleportation {unknown}
 j - a scroll of magic mapping {unknown}
Potions
 g - a potion of heal wounds {unknown}
Comestibles
 b - 2 rations
 d - 5 chunks of flesh


   Skills:
 + Level 3.5 Fighting
 + Level 2.5 Armour
 + Level 1.9 Dodging
 + Level 3.2 Unarmed Combat


You had 3 spell levels left.
You didn't know any spells.
Your spell library was empty.

Dungeon Overview and Level Annotations

Branches:
Dungeon (2/15)

Altars:
Vehumet


Innate Abilities, Weirdness & Mutations

You have hoof-like feet.


Message History

The adder completely misses you.
You closely miss the adder. Your kick misses the adder.
The adder is almost dead.
You feel sick. The adder closely misses you.
You closely miss the adder. Your kick misses the adder.
The adder is almost dead.
The adder bites you but does no damage. The adder barely misses you.
You hit the adder but do no damage.
The adder is almost dead.
The adder bites you but does no damage.
You hit the adder but do no damage. You kick the adder.
You kill the adder!
You have reached level 4!
You feel stronger.
Your demonic ancestry asserts itself...
Your feet thicken and deform.
You feel sick.
k - a small pearl amulet Quiver which item? (- for none, * to show all) (? for menu, Esc to quit)
Okay, then.
Are you sure you want to abandon this character and quit the game? (Confirm with "yes".)

#.. # ... # #.. #. ...
..# #######.. #.###.###.#
......... ..#...#..#
......... ..._....##
......... # #...#...#
......... #..
##.###..##.........
#.#..#.@.#..............
..............รท..####...
#.####..####...#.# #.[.
##...........# # #...
..'...........# ####
###...........#
#........#### #........#
#........#


There were no monsters in sight!

Vanquished Creatures
  3 adders (D:2)
  An ooze (D:1)
  A worm (D:2)
  A leopard gecko (D:1)
  4 bats
  3 giant cockroaches
  5 hobgoblins
  A ball python (D:1)
  2 frilled lizards
  3 goblins
  4 kobolds
  5 rats
33 creatures vanquished.

Vanquished Creatures (collateral kills)
  An adder (D:2)
1 creature vanquished.

Grand Total: 34 creatures vanquished

Notes
Turn   | Place    | Note
-------+----------+-------------------------------------------
     0 | D:1      | HASTUR3 the Demonspawn Chaos Knight began the quest for the
                  | Orb.
     0 | D:1      | Reached XP level 1. HP: 18/18 MP: 1/1
    45 | D:1      | Reached skill level 1 in Dodging
    78 | D:1      | XOM: silly message
   152 | D:1      | XOM: butterfly on damage
   178 | D:1      | XOM: harmless Fire miscast
   389 | D:1      | XOM: harmless Tmut miscast
   393 | D:1      | Gained mutation: You have large cloven feet. [demonic
                  | ancestry]
   393 | D:1      | Reached XP level 2. HP: 24/24 MP: 2/2
   459 | D:1      | XOM: butterfly on damage
  1092 | D:2      | Reached XP level 3. HP: 29/29 MP: 3/3
  1214 | D:2      | XOM: cast spell 'Summon Small Mammal'
  1283 | D:2      | XOM: harmless Tmut miscast
  1392 | D:2      | Found a radiant altar of Vehumet.
  1409 | D:2      | Gained mutation: You have hoof-like feet. [demonic
                  | ancestry]
  1409 | D:2      | Reached XP level 4. HP: 15/35 MP: 4/4
  1413 | D:2      | Quit the game

Skill      XL: |  1  2 |
---------------+-------+-----
Dodging        | 1 |  1.9
Armour         | 2 |  2.5
Unarmed Combat | 3 |  3.2
Fighting       | |  3.5

Action                   |  1- 3 |  4- 6 || total
-------------------------+-------+-------++-------
Melee: Unarmed           |   158 |       ||   158
       Punch             |     2 |       ||     2
       Kick              |    25 |       ||    25
  Eat: Chunk             |     2 |       ||     2
Armor: Leather armour    |    48 |       ||    48
Dodge: Dodged            |    82 |       ||    82
